 Dungeon Crawl Stone Soup version 0.27-a0-869-g165b36e3f0 (webtiles) character file.

Game seed: 410335801278020293

13807 polve the Green Death (level 11, -2/94 HPs)
             Began as a White Draconian Transmuter on Apr 2, 2021.
             Was a High Priest of Fedhas.
             Slain by a cane toad (19 damage)
             ... on level 1 of the Lair of Beasts.
             The game lasted 00:26:37 (17634 turns).

polve the Green Death (White Draconian Transmuter) Turns: 17634, Time: 00:26:37

Health: -2/94      AC:  9    Str: 12    XL:     11   Next: 80%
Magic:  19/20      EV: 12    Int: 16    God:    Fedhas [*****.]
Gold:   677        SH:  0    Dex: 20    Spells: 3/14 levels left

rFire    . . .     SeeInvis +     - Unarmed
rCold    + . .     Faith    .   (no shield)
rNeg     . . .     Spirit   .   (armour unavailable)
rPois    .         Reflect  .   (helmet currently unavailable)
rElec    .         Harm     .   z - +1 cloak of Ruic {rCorr Int-2 Dex+3 Slay+3}
rCorr    +         Rampage  .   (no gloves)
Will     .....                  (boots currently unavailable)
Stlth    ++........             u - amulet of the acrobat
HPRegen  0.25/turn              l - +6 ring of dexterity
MPRegen  0.17/turn              c - ring of see invisible

@: lethally poisoned (-2 -> -9), appendages
A: horns 2, talons 2, breathe frost, AC +7, unfitting armour, cold resistance 1,
cold-blooded
a: Breathe Frost, End Transformation, Renounce Religion, Wall of Briars, Grow
Ballistomycete, Overgrow, Grow Oklob


You were on level 1 of the Lair of Beasts.
You worshipped Fedhas.
Fedhas was extremely pleased with you.
You had temporarily grown beastly horns and talons.
You visited 2 branches of the dungeon, and saw 12 of its levels.
You also visited: Sewer.

You collected 677 gold pieces.

Inventory:

Missiles
 a - 5 atropa-tipped darts
 H - 10 curare-tipped darts
 J - 3 throwing nets
Armour
 i - a +2 cloak
 x - the +1 buckler of Anuvua {rF+ rCorr SInv}
   (You found it on level 9 of the Dungeon)

   It protects you from fire.
   It lets you see invisible.
   It protects you from acid and corrosion.
 z - the +1 cloak of Ruic (worn) {rCorr Int-2 Dex+3 Slay+3}
   (You found it on level 4 of the Dungeon)

   It affects your intelligence (-2).
   It affects your dexterity (+3).
   It affects your accuracy and damage with ranged weapons and melee attacks
   (+3).
   It protects you from acid and corrosion.
 E - a +1 hat of intelligence (melded)
 I - a +0 pair of gloves
Jewellery
 c - a ring of see invisible (right hand)
 j - a ring of protection from fire
 l - a +6 ring of dexterity (left hand)
 u - an amulet of the acrobat (around neck)
 K - an amulet of reflection
Wands
 e - a wand of paralysis (8)
 y - a wand of random effects (10)
 D - a wand of iceblast (5)
Scrolls
 b - 11 scrolls of teleportation
 d - 6 scrolls of noise {unknown}
 g - 2 scrolls of enchant armour
 h - 4 scrolls of immolation
 k - a scroll of summoning {unknown}
 n - 4 scrolls of magic mapping
 o - a scroll of fear {unknown}
 r - a scroll of brand weapon {unknown}
 v - 2 scrolls of vulnerability
 B - 3 scrolls of blinking
 C - 2 scrolls of holy word {unknown}
 F - 2 scrolls of enchant weapon {unknown}
 G - 2 scrolls of identify
Potions
 f - 3 potions of heal wounds
 m - 9 potions of curing
 p - a potion of flight {unknown}
 q - 3 potions of berserk rage
 s - 2 potions of lignification {unknown}
 t - 4 potions of mutation
 w - 2 potions of invisibility
 A - 6 potions of magic {unknown}


   Skills:
 - Level 8.0 Fighting
 - Level 1.7 Dodging
 - Level 10.0 Unarmed Combat
 - Level 2.0 Spellcasting
 + Level 10.4 Transmutations
 - Level 12.0 Invocations


You had 3 spell levels left.
You knew the following spells:

 Your Spells              Type           Power      Damage    Failure   Level
a - Beastly Appendage     Tmut           70%        N/A       1%          1
b - Wereblood             Tmut           35%        N/A       1%          2
c - Spider Form           Tmut/Pois      9%         N/A       8%          3
d - Hydra Form            Tmut           17%        N/A       8%          5

Your spell library contained the following spells:

 Spells                   Type           Power      Damage    Failure   Level
 Corona                   Hex            1%         N/A       21%         1
 Magic Dart               Conj           4%         1d3       21%         1
 Ensorcelled Hibernation  Hex/Ice        2%         N/A       30%         2
 Searing Ray              Conj           2%         3d3       30%         2
 Confusing Touch          Hex            1%         N/A       52%         3
 Dazzling Flash           Conj/Hex       2%         N/A       52%         3
 Tukima's Dance           Hex            1%         N/A       52%         3
 Ice Form                 Ice/Tmut       18%        N/A       24%         4
 Fulminant Prism          Conj/Hex       0%         3d6       90%         4
 Iskenderun's Mystic Bla  Conj/Tloc      1%         2d3       90%         4


Dungeon Overview and Level Annotations

Branches:
Dungeon (11/15)            Temple (0/1) D:5            Lair (1/6) D:11
    Orc (0/2) D:9           Sewer (visited)

Altars:
Fedhas
Sif Muna
Beogh

Shops:
D:4 (   D:7 ?


Innate Abilities, Weirdness & Mutations

You have temporarily grown beastly horns and talons.
You can breathe waves of freezing cold which knock back foes.
Your icy white scales are hard. (AC +7)
You cannot fit into any form of body armour.
Your flesh is cold resistant. (rC+)
You are cold-blooded and may be slowed by cold attacks.


Message History

A four-headed hydra comes into view.
A cyan ugly thing comes into view.
(D) Dungeon (T) Temple (L) Lair (O) Orcish Mines
Where to? (Enter - D:10 @ (x,y), ? - help)
What level of the Lair of Beasts? (default 1, ? - help)
You walk carefully through the plants.
There is a staircase to the Lair here.
You climb downwards.
Welcome to the Lair of Beasts! 2 cane toads come into view.
The cane toad gives a loud, deep croak!
Found a battleaxe.
There is a staircase back to the Dungeon here.
Casting: Wereblood (safe; 1% risk of failure)
Confirm with . or Enter, or press ? or * to list all spells.
You grow a pair of large bovine horns.
Your feet morph into talons.
Your +1 hat of intelligence melds into your body.
You feel stupid. The cane toad stings you!!
You are poisoned.
The cane toad poisons you!
You hit the cane toad but do no damage. You headbutt the cane toad!
The cane toad is moderately wounded.
You feel very sick. The cane toad barely misses you.
You punch the cane toad!
You headbutt the cane toad, but do no damage.
The cane toad is heavily wounded.
You feel sick. The cane toad stings you!
You barely miss the cane toad. You claw the cane toad.
The cane toad is severely wounded.
You feel sick. The cane toad stings you!
You barely miss the cane toad.
You claw the cane toad, but do no damage.
Your tail-slap misses the cane toad.
The cane toad is severely wounded.
You feel sick. The cane toad stings you!
* * * LOW HITPOINT WARNING * * *
The cane toad stings you!!
You die...
Fedhas appreciates your contribution to the ecosystem.

#... #... ...##
#..P #..## .
#...# ... #..#
.....#<.###
........@P.#
#.##..#.FF......
.........###.##
######...# #
#..). +...##
....# #....


You could see 2 cane toads.

Vanquished Creatures
  Gastronok (D:10)
  Harold (D:11)
  Sonja (D:11)
  2 polar bears (D:11)
  2 hornets
  The ghost of ma3 the Magician, an amateur DjAE (D:4)
  2 wraiths
  2 centaur simulacra (D:11)
  Sigmund (D:5)
  12 yaks
  4 steam dragons
  2 vampire mosquitoes (D:10)
  Edmund (D:5)
  2 wargs (D:9)
  A water moccasin (D:6)
  7 orc warriors
  3 ice beasts
  3 black bears (D:6)
  2 necrophages (D:6)
  4 ogres
  7 centaurs
  A wolf (D:11)
  A phantom (D:7)
  2 kobold brigands
  7 bullfrogs
  3 wyvern zombies
  3 scorpions (D:6)
  A water moccasin zombie (D:6)
  2 water moccasin skeletons
  2 killer bees (D:11)
  5 wights (D:6)
  3 howler monkeys (D:10)
  A bullfrog zombie (D:6)
  5 centaur zombies
  7 hounds
  6 jellies
  9 orc priests
  A bullfrog skeleton (D:6)
  5 centaur skeletons
  2 iguanas (D:5)
  12 orc wizards
  A hound zombie (D:5)
  16 adders
  2 white imps
  3 ufetubi
  An adder skeleton (D:4)
  2 worms
  2 dart slugs
  37 orcs
  19 ball pythons
  5 bats
  12 endoplasms
  12 giant cockroaches
  13 goblins
  10 hobgoblins
  11 jackals
  6 kobolds
  11 quokkas
  19 frilled lizards
  4 rats (D:1)
325 creatures vanquished.

Vanquished Creatures (collateral kills)
  A troll (D:9)
  A meliai zombie (D:10)
  A vampire (D:10)
  A yak (D:10)
  2 vampire mosquitoes (D:10)
  9 killer bees
  4 ballistomycete spores
19 creatures vanquished.

Vanquished Creatures (others)
  An oklob plant (D:11)
  An ice beast (D:11)
  An orc wizard (D:4)
  A kobold (D:2)
  10 plants
14 creatures vanquished.

Grand Total: 358 creatures vanquished

Notes
Turn   | Place    | Note
-------+----------+-------------------------------------------
     0 | D:1      | polve the Draconian Transmuter began the quest for the Orb.
     0 | D:1      | Reached XP level 1. HP: 16/16 MP: 3/3
   138 | D:1      | Found a faded altar of an unknown god.
   146 | D:1      | Became a worshipper of Fedhas Madash
   146 | D:1      | Reached * piety under Fedhas
   193 | D:1      | Reached XP level 2. HP: 20/24 MP: 3/5
   950 | D:1      | Reached XP level 3. HP: 30/30 MP: 4/6
  1458 | D:2      | Learned a level 2 spell: Wereblood
  1462 | D:2      | Learned a level 3 spell: Spider Form
  1636 | D:2      | Reached ** piety under Fedhas
  1985 | D:2      | Reached XP level 4. HP: 38/38 MP: 5/7
  2834 | D:3      | Reached *** piety under Fedhas
  3005 | D:3      | Reached XP level 5. HP: 37/46 MP: 6/8
  3590 | D:3      | HP: 2/46 [acid (5)]
  3619 | D:3      | HP: 2/46 [acid (4)]
  3987 | D:4      | Found a shimmering blue altar of Sif Muna.
  4045 | D:4      | Reached skill level 5 in Unarmed Combat
  4241 | D:4      | Reached XP level 6. HP: 52/53 MP: 7/9
  4276 | D:4      | Found a runed translucent gate.
  4276 | D:4      | Noticed ma3's ghost (amateur DjAE)
  4277 | D:4      | Found a runed translucent gate.
  4277 | D:4      | Identified the +0 plate armour "Lono" {*Drain Dex+5 SInv}
  4277 | D:4      | Noticed an orc warrior
  4279 | D:4      | Found a runed translucent gate.
  4484 | D:4      | Reached skill level 5 in Fighting
  4855 | D:4      | Found Ryjokum's Weapon Emporium.
  5124 | D:5      | Entered Level 5 of the Dungeon
  5134 | D:5      | Found a staircase to the Ecumenical Temple.
  5273 | D:5      | Reached **** piety under Fedhas
  5523 | D:5      | Your scales start taking on an icy white colour.
  5523 | D:5      | Reached XP level 7. HP: 36/63 MP: 10/10
  5523 | D:5      | Gained mutation: Your flesh is cold resistant. (rC+) [White
                  | Draconian growth]
  5803 | D:5      | Noticed Sigmund
  5815 | D:5      | Noticed Edmund
  5817 | D:5      | Killed Sigmund
  6797 | D:6      | Found a glowing drain.
  6809 | D:6      | Reached XP level 8. HP: 71/73 MP: 9/11
  6832 | Sewer    | Entered a sewer
  7039 | Sewer    | Reached ***** piety under Fedhas
  8075 | D:6      | Reached XP level 9. HP: 67/70 MP: 10/12
  8135 | D:6      | Reached skill level 10 in Unarmed Combat
  8135 | D:6      | Reached skill level 1 in Invocations
  8138 | D:6      | Reached skill level 2 in Invocations
  8143 | D:6      | Reached skill level 3 in Invocations
  8387 | D:6      | Reached skill level 4 in Invocations
  8452 | D:6      | Reached skill level 5 in Invocations
  8636 | D:6      | Reached skill level 6 in Invocations
  9025 | D:6      | Reached skill level 7 in Invocations
  9444 | D:6      | Learned a level 5 spell: Hydra Form
  9554 | D:7      | Reached skill level 8 in Invocations
  9902 | D:7      | Found Zoha's Magic Scroll Boutique.
 10090 | D:7      | Reached XP level 10. HP: 57/88 MP: 16/16
 10416 | D:5      | Killed Edmund
 10417 | D:5      | Reached skill level 9 in Invocations
 10735 | D:4      | Killed ma3's ghost
 10840 | D:4      | Identified the +1 cloak of Ruic {rCorr Int-2 Dex+3 Slay+3}
 11117 | D:8      | Reached skill level 10 in Invocations
 11479 | D:8      | Paralysed by a hornet for 3 turns
 12319 | D:8      | Reached skill level 11 in Invocations
 12808 | D:9      | Identified the +1 buckler of Anuvua {rF+ rCorr SInv}
 13025 | D:9      | Found a staircase to the Orcish Mines.
 13316 | D:9      | Reached ****** piety under Fedhas
 13547 | D:9      | Reached skill level 12 in Invocations
 14366 | D:10     | Entered Level 10 of the Dungeon
 14583 | D:10     | Reached skill level 5 in Transmutations
 14583 | D:10     | Reached XP level 11. HP: 68/94 MP: 16/20
 14806 | D:10     | Noticed Gastronok
 14852 | D:10     | Killed Gastronok
 16143 | D:11     | Noticed Sonja
 16156 | D:11     | Killed Sonja
 16752 | D:11     | Noticed Harold
 16787 | D:11     | Killed Harold
 16788 | D:11     | Reached skill level 10 in Transmutations
 16992 | D:11     | Noticed an oklob plant
 16993 | D:11     | Found a staircase to the Lair.
 17018 | D:11     | Noticed a purple ugly thing
 17034 | D:11     | Noticed a two-headed ogre
 17079 | D:11     | Killed an oklob plant
 17375 | D:11     | Noticed an oklob plant
 17378 | D:11     | Noticed an oklob plant
 17582 | D:11     | Noticed a four-headed hydra
 17583 | D:11     | Noticed a cyan ugly thing
 17628 | Lair:1   | Entered Level 1 of the Lair of Beasts
 17634 | Lair:1   | Slain by a cane toad

Illustrated notes

Levels and vault maps discovered:
D:1:      wheals_arrival_linesprint, layout_basic, basic_ecumenical_altar,
          minmay_tall_x
D:2:      kennysheep_the_goblin_king, layout_basic, roderic_roman_lattice
D:3:      layout_loops_ring, serial_forest, infiniplex_forest_clump_cross,
          infiniplex_forest_zigzag_2, infiniplex_forest_clump_medium,
          infiniplex_forest_zigzag_2, infiniplex_forest_straight_4
D:4:      layout_loops_corners, led_sif_book, biasface_ghost_orc_armoury,
          serial_shops, nicolae_shop_behind_doors
D:5:      layout_basic, minmay_temple_entry_large_hall, kennysheep_doodads,
          uniq_sigmund, uniq_edmund
D:6:      minmay_razor_zed, layout_basic, gup_sewer_entry_glass,
          chequers_serial_rivers_large_a, chequers_serial_rivers_micro_d,
          minmay_pentangle
D:7:      layout_gridville, serial_shops, shop, minmay_misc_feat_enclosed
D:8:      layout_gridville
D:9:      cheibrodos_steamvent, layout_basic, david_orc_1_choice,
          enter_bailey_6, billiards_dpeg
D:10:     layout_basic, serial_aquarium, aquarium_bridge_straight
          [aquarium_subvault_bridge, aquarium_subvault_wall,
          aquarium_subvault_bridge, aquarium_subvault_window],
          aquarium_bridge_straight [aquarium_subvault_bridge,
          aquarium_subvault_window, aquarium_subvault_bridge,
          aquarium_subvault_wall], aquarium_window_2, aquarium_window_fake,
          aquarium_window_fake, aquarium_window_2, aquarium_view_2g,
          aquarium_view_2d, aquarium_balcony_1a, aquarium_pool_1,
          bh_walls_and_bars, uniq_gastronok
D:11:     minmay_tearing_corner, layout_loops_ring, dpeg_oklobed_lair,
          serial_ice, serial_ice_b, serial_ice_f, serial_ice_h, serial_ice_e,
          uniq_harold, uniq_sonja
Lair:1:   layout_chaotic_city, serial_bayou_shore_a

Skill      XL: |  1  2  3  4  5  6  7  8  9 10 11 |
---------------+----------------------------------+-----
Fighting       | 2 3 4 6 7 8 |  8.0
Unarmed Combat | 4 5 6 7 9 10 | 10.0
Invocations    | 8 12 | 12.0
Transmutations | 5 10 | 10.4
Dodging        | |  1.7
Spellcasting   | |  2.0

Action                   |  1- 3 |  4- 6 |  7- 9 | 10-12 || total
-------------------------+-------+-------+-------+-------++-------
Melee: Unarmed           |   134 |   239 |   366 |   364 ||  1103
       Kick              |    14 |    38 |    90 |   106 ||   248
       Tailslap          |    10 |    28 |    41 |    61 ||   140
       Headbutt          |    10 |    25 |    41 |    63 ||   139
       Punch             |     3 |     5 |    17 |    19 ||    44
 Cast: Beastly Appendage |    23 |    38 |    52 |    38 ||   151
       Wereblood         |       |       |       |     5 ||     5
       Spider Form       |       |       |       |     1 ||     1
Invok: Wall of Briars    |       |     1 |       |     8 ||     9
       Grow Ballistomyce |       |       |     1 |     1 ||     2
       Grow Oklob        |       |       |       |     2 ||     2
 Abil: Breathe Frost     |       |       |    13 |    11 ||    24
       End Transformatio |       |       |       |     1 ||     1
  Use: Potion            |     1 |       |       |     2 ||     3
       Scroll            |       |     3 |     1 |     5 ||     9
 Stab: Sleeping          |       |     2 |     2 |       ||     4
       Distracted        |       |       |     1 |     1 ||     2
Armor: Skin              |    34 |    80 |   110 |   122 ||   346
Dodge: Dodged            |    91 |   130 |   244 |   239 ||   704

Table legend: (Time is in decaauts)
 A = Elapsed time spent in this place.
 B = Non-inter-level travel time spent in this place.
 C = Inter-level travel time spent in this place.
 D = Time resting spent in this place.
 E = Time spent auto-exploring this place.
 F = Levels seen in this place.
 G = Mean time per level.
                   A        B        C        D        E       F      G
               +--------+--------+--------+--------+--------+-----+--------+
         Total |  17650 |  16913 |    737 |     25 |  14124 |  13 | 1357.7 |
       Dungeon |  17096 |  16359 |    737 |     25 |  13888 |  11 | 1554.2 |
          Lair |      5 |      5 |      0 |      0 |      0 |   1 |    5.0 |
         Sewer |    548 |    548 |      0 |      0 |    236 |   1 |  548.0 |
               +--------+--------+--------+--------+--------+-----+--------+

Top non-repeatable levels by time:
     D:6: 2176 daAuts
    D:10: 1778 daAuts
     D:8: 1769 daAuts
     D:4: 1755 daAuts
     D:5: 1718 daAuts
     D:9: 1571 daAuts
    D:11: 1513 daAuts
     D:1: 1442 daAuts
     D:3: 1275 daAuts
     D:2: 1166 daAuts
     D:7: 929 daAuts
   Sewer: 548 daAuts
  Lair:1: 5 daAuts
